 Dungeon Crawl Stone Soup version 0.26.0-10-g1f06aea511 (webtiles) character file.

Game seed: 13223883867436941416

36467 Arum the Fighter (level 13, 0/111 HPs)
             Began as a Mummy Fighter on Jan 19, 2021.
             Was an Initiate of Gozag.
             Slain by a phantasmal warrior (23 damage)
             ... on level 12 of the Dungeon.
             The game lasted 00:42:15 (23967 turns).

Arum the Fighter (Mummy Fighter)                   Turns: 23967, Time: 00:42:16

Health: 0/111      AC: 14    Str: 21    XL:     13   Next: 53%
Magic:  4/4        EV:  9    Int:  8    God:    Gozag
Gold:   105        SH: 14    Dex: 17    Spells: 12/12 levels left

rFire    + + +     SeeInvis +   F - +5 whip "Muyplaf" {antimagic, rF++ Str-2 Dex+5}
rCold    + + .     Faith    .   c - +1 kite shield
rNeg     + + +     Spirit   .   E - +2 swamp dragon scales
rPois    ∞         Reflect  .   (no helmet)
rElec    +         Harm     .   w - scarf {repulsion}
rCorr    +         Rampage  .   d - +0 pair of gloves
Will     +....                  B - +1 pair of boots {Fly}
Stlth    +.........             (no amulet)
HPRegen  0.28/turn              g - ring of see invisible
MPRegen  0.09/turn              t - ring of protection from fire

@: mighty, brilliant, resistant, flying, hasted, repel missiles, very quick
A: no potions, fire vulnerability, cold resistance 1, negative energy resistance
3, torment resistance, unbreathing, in touch with death 1
a: Stop Flying, Renounce Religion, Potion Petition, Call Merchant, Bribe Branch


You were on level 12 of the Dungeon.
You worshipped Gozag.
Gozag was aware of your devotion.
You visited 1 branch of the dungeon, and saw 12 of its levels.
You also visited: Ossuary and Bailey.

You collected 4415 gold pieces.
You spent 1845 gold pieces at shops.
You paid 2465 gold pieces to Gozag.

Inventory:

Hand Weapons
 k - a +5 mace of freezing
 y - a +3 spear
 D - a +2 morningstar of flaming
 F - the +5 whip "Muyplaf" (weapon) {antimagic, rF++ Str-2 Dex+5}
   (You bought it in a shop on level 8 of the Dungeon)

   It reduces the magical energy of the wielder, and disrupts the spells and
   magical abilities of those hit.
   Natural abilities and divine invocations are not affected.
   It affects your strength (-2).
   It affects your dexterity (+5).
   It greatly protects you from fire.
 K - the +8 whip of Victory {venom, rElec}
   (You bought it in a shop on level 10 of the Dungeon)

   It poisons the flesh of those it strikes.
   It insulates you from electricity.
 L - a +3 demon whip of pain
Missiles
 e - 3 throwing nets
 i - 30 javelins (quivered)
Armour
 c - a +1 kite shield (worn)
 d - a +0 pair of gloves (worn)
 j - a +0 tower shield
 s - the +2 leather armour "Diaw Zigobb" {Slay+4}
   (You found it on level 6 of the Dungeon)

   It affects your accuracy and damage with ranged weapons and melee attacks
   (+4).
 w - a scarf of repulsion (worn)
 B - a +1 pair of boots of flying (worn)
 E - +2 swamp dragon scales (worn)
Jewellery
 g - a ring of see invisible (left hand)
 t - a ring of protection from fire (right hand)
 z - an uncursed ring of wizardry
 A - an uncursed ring of protection from cold
 H - an uncursed ring of protection from cold
Wands
 a - a wand of enslavement (10)
 m - a wand of iceblast (1)
 n - a wand of acid (1)
 u - a wand of paralysis (13)
 I - a wand of flame (12)
Scrolls
 b - a scroll of summoning
 f - 4 scrolls of fog
 h - 12 scrolls of remove curse
 l - 2 scrolls of amnesia
 o - 4 scrolls of enchant armour
 p - 6 scrolls of teleportation
 r - 4 scrolls of noise
 v - 2 scrolls of immolation
 C - 2 scrolls of holy word
 J - 4 scrolls of fear
Miscellaneous
 x - a condenser vane


   Skills:
 + Level 13.3 Fighting
 + Level 11.4 Maces & Flails
 + Level 5.9 Armour
 - Level 11.0 Shields


You had 12 spell levels left.
You didn't know any spells.
Your spell library contained the following spells:

 Spells                   Type           Power        Failure   Level
 Sting                    Tmut/Pois      0%           75%         1
 Poisonous Vapours        Pois/Air       0%           86%         2
 Conjure Flame            Conj/Fire      0%           98%         3
 Ignite Poison            Fire/Tmut/Pois 0%           98%         3
 Mephitic Cloud           Conj/Pois/Air  0%           98%         3
 Olgreb's Toxic Radiance  Pois           0%           100%        4
 Freezing Cloud           Conj/Ice/Air   0%           100%        6


Dungeon Overview and Level Annotations

Branches:
Dungeon (12/15)            Temple (0/1) D:7            Lair (0/6) D:11
    Orc (0/2) D:10        Ossuary (visited)          Bailey (visited)

Altars:
Cheibriados
Dithmenos
Gozag
Makhleb
Nemelex Xobeh
Ru
Uskayaw
Vehumet
Zin
The Shining One

Shops:
D:4 *   D:5 *   D:7 [   D:8 (=*   D:10 (   D:12 ?(

Portals:
Trove: D:12 (give 5 scrolls of fear)


Innate Abilities, Weirdness & Mutations

You do not drink.
Your flesh is vulnerable to fire.
You are immune to poison.
Your flesh is cold resistant. (rC+)
You are immune to negative energy. (rN+++)
You are immune to unholy pain and torment.
You can survive without breathing.
You are in touch with the powers of death.


Message History

* * * LOW HITPOINT WARNING * * *
Unknown command.
Unknown command.
Unknown command.
Unknown command.
Blink to where?
Press: ? - help, Dir - move target, p - fire giant
As you read the scroll of blinking, it crumbles to dust.
You block the phantasmal warrior's attack.
You hit the phantasmal warrior.
The phantasmal warrior's magic leaks into the air.
The phantasmal warrior is heavily damaged.
You hit the phantasmal warrior.
The phantasmal warrior's magic leaks into the air.
The phantasmal warrior is heavily damaged.
You hit the phantasmal warrior but do no damage.
The phantasmal warrior is heavily damaged.
The phantasmal warrior hits you!!
You die...
Your body crumbles into a pile of gold.

#.##.#####. #.##.# ###.
#....###.#< ##########
#.#####.... ##........##
#.####.....
##.########.###...####...
##.##....).##.##.###..##..
##.##.######.##.####....##.
##.##.##...@##.##.##.[....'.
#.##.##.####W##.##.#.)....'.
#.#.##.##. ##C##.#.#.....###
#.#.#.##§C ##.#.#.#.#..##..
#.#.#.#)W? #.#.#)#.#######
#)#.#.#... #.#.#.#.#
#(#.#.##(. ##.#.#.#.#
#(#.##.##. ##.##.#.#.#
#(##.##.#.##.##[##.#.#


You could see a fire giant and a phantasmal warrior.

Vanquished Creatures
  Snorg (D:10)
  Erica (D:8)
  Harold (D:7)
  A hydra (D:11)
  2 boulder beetles
  A death knight (D:10)
  A centaur warrior (D:12)
  3 two-headed ogres
  Urug (D:10)
  A queen ant (D:11)
  Sonja (D:11)
  5 unseen horrors
  2 deep elf magi (D:12)
  An ugly thing (D:12)
  2 manticores
  Joseph (D:8)
  Psyche (D:8)
  6 centaur skeletons
  Maggie (D:8)
  3 gargoyles
  A komodo dragon (D:12)
  A kobold demonologist (D:12)
  3 trolls
  A merfolk (D:12)
  A polar bear (D:10)
  A hornet (D:12)
  5 slime creatures
  Sigmund (D:2)
  3 shadows (D:12)
  A wraith (D:12)
  A spriggan (D:12)
  6 wyverns
  A human (D:12)
  7 yaks
  2 basilisks (D:11)
  2 vampire mosquitoes (D:12)
  20 soldier ants (D:11)
  A water moccasin (D:9)
  An acid dragon (D:11)
  Duvessa (D:4)
  19 orc warriors
  2 black bears
  A phantom (D:9)
  5 sky beasts
  4 ice beasts
  A wolf (D:10)
  3 eyes of draining (D:12)
  11 ogres
  18 centaurs
  2 big kobolds
  An elf zombie (Ossuary)
  Blork the orc (D:4)
  5 bullfrogs
  A gnoll sergeant (D:6)
  Dowan (D:4)
  A wyvern skeleton (D:7)
  3 scorpions
  10 killer bees (D:8)
  9 wights
  2 electric eels (D:10)
  2 howler monkeys (D:11)
  3 bullfrog zombies
  3 centaur zombies
  A crimson imp (D:12)
  2 bullfrog skeletons
  3 human zombies (Ossuary)
  4 jellies
  2 gnoll shamans
  9 orc priests
  Crazy Yiuf (D:3)
  13 hounds
  Jessica (D:3)
  5 iguanas
  Ijyb (D:4)
  13 orc wizards
  27 worker ants
  A big kobold zombie (Ossuary)
  3 hound zombies (Ossuary)
  3 hound skeletons
  3 mummies (Ossuary)
  8 gnolls
  14 adders
  A shadow imp (D:8)
  3 white imps
  A worker ant simulacrum (D:10)
  2 ufetubi
  An ooze (D:3)
  2 adder zombies (Ossuary)
  An adder skeleton (D:4)
  3 worms (D:2)
  2 dart slugs
  6 leopard geckos
  86 orcs
  5 bats
  9 giant cockroaches
  12 goblins
  13 hobgoblins
  5 jackals
  22 kobolds
  2 quokkas (D:5)
  A ball python (D:5)
  A frilled lizard (D:2)
  2 gnoll zombies (Ossuary)
  3 goblin zombies (Ossuary)
  3 hobgoblin zombies (Ossuary)
  4 jackal zombies (Ossuary)
  5 kobold zombies (Ossuary)
  An orc zombie (Ossuary)
  6 quokka zombies (Ossuary)
  9 rats
  3 rat zombies
532 creatures vanquished.

Vanquished Creatures (others)
  A yak (D:12)
  A sky beast (D:6)
  A centaur (D:12)
  An orc (D:10)
  34 plants (D:6)
38 creatures vanquished.

Grand Total: 570 creatures vanquished

Notes
Turn   | Place    | Note
-------+----------+-------------------------------------------
     0 | D:1      | Arum the Mummy Fighter began the quest for the Orb.
     0 | D:1      | Reached XP level 1. HP: 18/18 MP: 1/1
   113 | D:1      | Reached XP level 2. HP: 24/24 MP: 2/2
   689 | D:2      | Reached XP level 3. HP: 29/29 MP: 3/3
   825 | D:2      | Noticed Sigmund
   839 | D:2      | Killed Sigmund
   840 | D:2      | Reached skill level 4 in Fighting
   840 | D:2      | Reached XP level 4. HP: 17/37 MP: 4/4
   840 | D:2      | Reached XP level 5. HP: 20/42 MP: 5/5
  1384 | D:2      | Reached XP level 6. HP: 30/48 MP: 6/6
  2128 | D:3      | Found a runed translucent door.
  2129 | D:3      | Noticed Crazy Yiuf
  2460 | D:3      | Noticed Jessica
  2463 | D:3      | Killed Jessica
  2691 | D:3      | Killed Crazy Yiuf
  2840 | D:4      | Noticed Ijyb
  2859 | D:4      | Paralysed by Ijyb for 3 turns
  2892 | D:4      | Killed Ijyb
  3022 | D:4      | Noticed Blork the orc
  3047 | D:4      | Killed Blork the orc
  3048 | D:4      | Reached XP level 7. HP: 17/55 MP: 7/7
  3311 | D:4      | Noticed Duvessa
  3311 | D:4      | Noticed Dowan
  3325 | D:4      | Killed Duvessa
  3326 | D:4      | Reached skill level 5 in Fighting
  3339 | D:4      | Killed Dowan
  3669 | D:4      | Found a sacrificial altar of Ru.
  3674 | D:4      | Found a glowing silver altar of Zin.
  3675 | D:4      | Found an opulent altar of Gozag.
  3677 | D:4      | Found a shadowy altar of Dithmenos.
  3944 | D:4      | Became a worshipper of Gozag Ym Sagoz the Greedy
  4097 | D:4      | Found Ciky's Assorted Antiques.
  4101 | D:4      | Bought a scroll labelled QEUNLE MESM for 34 gold pieces
  4224 | D:5      | Entered Level 5 of the Dungeon
  4232 | D:5      | Reached XP level 8. HP: 50/63 MP: 8/8
  4336 | D:5      | Found a burning altar of Makhleb.
  4342 | D:5      | Found a glowing golden altar of the Shining One.
  4345 | D:5      | Found a snail-covered altar of Cheibriados.
  4347 | D:5      | Found a hide-covered altar of Uskayaw.
  4390 | D:5      | Found a sand-covered staircase.
  4400 | Ossuary  | Entered an ossuary
  4889 | Ossuary  | Reached skill level 6 in Fighting
  4889 | Ossuary  | Reached skill level 5 in Armour
  4889 | Ossuary  | Reached skill level 5 in Shields
  5223 | D:5      | Found Egappas's Elemental Accessories.
  5324 | D:5      | Found a radiant altar of Vehumet.
  5720 | D:6      | Got a faintly humming leather armour
  5724 | D:6      | Identified the +2 leather armour "Diaw Zigobb" {Slay+4}
                  | (You found it on level 6 of the Dungeon)
  5882 | D:6      | Reached skill level 5 in Maces & Flails
  6445 | D:6      | Reached XP level 9. HP: 71/71 MP: 9/9
  6625 | D:6      | Reached skill level 7 in Fighting
  7318 | D:7      | Noticed Harold
  7334 | D:7      | Killed Harold
  7525 | D:7      | Reached skill level 8 in Fighting
  8261 | D:7      | Reached XP level 10. HP: 46/81 MP: 10/10
  8414 | D:7      | Bought a scarf of repulsion for 204 gold pieces
  8987 | D:7      | Found a staircase to the Ecumenical Temple.
  9085 | D:8      | Found Ymal's General Store.
  9085 | D:8      | Noticed Joseph
  9092 | D:8      | Killed Joseph
  9093 | D:8      | Found a flagged portal.
  9120 | D:8      | Bought a condenser vane for 520 gold pieces
  9140 | Bailey   | Entered a bailey
 10195 | Bailey   | Reached skill level 9 in Fighting
 12720 | D:8      | Found a sparkling altar of Nemelex Xobeh.
 12948 | D:8      | Noticed a boulder beetle
 12986 | D:8      | Killed a boulder beetle
 13283 | D:8      | Noticed Psyche
 13294 | D:8      | Killed Psyche
 13574 | D:8      | Noticed Erica
 13580 | D:8      | Paralysed by Erica for 6 turns
 13591 | D:8      | Killed Erica
 13592 | D:8      | Reached XP level 11. HP: 65/90 MP: 11/11
 13707 | D:8      | Noticed Maggie
 13727 | D:8      | Killed Maggie
 13728 | D:8      | Reached skill level 10 in Fighting
 14044 | D:8      | Noticed a two-headed ogre
 14055 | D:8      | Killed a two-headed ogre
 14400 | D:8      | Found Qokhleoxtau's Jewellery Shoppe.
 14439 | D:8      | Found Doucvin's Antique Weapon Shoppe.
 14447 | D:8      | Bought a translucent whip for 172 gold pieces
 14449 | D:8      | Identified the +5 whip "Muyplaf" {antimagic, rF++ Str-2
                  | Dex+5} (You bought it in a shop on level 8 of the Dungeon)
 14798 | D:9      | Got a steaming ring mail
 15476 | D:10     | Entered Level 10 of the Dungeon
 15477 | D:10     | Identified the +1 ring mail "Ebeniyt" {Dex+4} (You found it
                  | on level 9 of the Dungeon)
 15626 | D:10     | Noticed a two-headed ogre
 15637 | D:10     | Killed a two-headed ogre
 15714 | D:10     | Noticed Urug
 15727 | D:10     | Killed Urug
 15757 | D:10     | Found a sacrificial altar of Ru.
 15964 | D:10     | Noticed Snorg
 16016 | D:10     | HP: 2/92 [Snorg (4)]
 16017 | D:10     | Killed Snorg
 16574 | D:10     | Reached skill level 11 in Fighting
 17183 | D:10     | Found a staircase to the Orcish Mines.
 18101 | D:11     | Noticed an unseen horror
 18107 | D:11     | Killed an unseen horror
 18108 | D:11     | Reached XP level 12. HP: 87/100 MP: 12/12
 18366 | D:11     | Reached skill level 10 in Shields
 18548 | D:11     | Noticed a seven-headed hydra
 18677 | D:10     | Bought a brightly glowing whip for 187 gold pieces
 18678 | D:10     | Identified the +8 whip of Victory {venom, rElec} (You
                  | bought it in a shop on level 10 of the Dungeon)
 18700 | D:11     | Noticed a death knight
 18738 | D:10     | Killed a death knight
 19549 | D:11     | Reached skill level 10 in Maces & Flails
 19680 | D:11     | Killed a seven-headed hydra
 19910 | D:11     | Noticed a queen ant
 19923 | D:11     | Killed a queen ant
 19924 | D:11     | Reached skill level 12 in Fighting
 20551 | D:11     | Noticed Sonja
 20561 | D:11     | Killed Sonja
 20801 | D:11     | Found a staircase to the Lair.
 20916 | D:12     | Found Lackedgho's Antique Weapon Emporium.
 21708 | D:12     | Gained mutation: You are in touch with the powers of death.
                  | [Mummy growth]
 21708 | D:12     | Reached XP level 13. HP: 109/109 MP: 13/13
 22279 | D:12     | Found a portal to a secret trove of treasure.
 22433 | D:12     | Bought a scroll of acquirement for 728 gold pieces
 22434 | D:12     | Acquired a +1 demon whip of pain
 22597 | D:12     | Reached skill level 13 in Fighting
 23935 | D:12     | Noticed a fire giant
 23967 | D:12     | Slain by a phantasmal warrior

Illustrated notes

Levels and vault maps discovered:
D:1:      sevenhm_arrival_forest_fort_large_2, layout_rooms,
          minmay_misc_feat_tower
D:2:      layout_loops_ring, uniq_sigmund
D:3:      layout_basic, hangedman_abyss_or_decor_stabs,
          amcnicky_mini_pool_small, uniq_crazy_yiuf_cottage, uniq_jessica
D:4:      layout_loops_ring, minitemple, serial_shops,
          nicolae_shop_overgrown_old_shop, uniq_blork_the_orc, uniq_duvessa,
          uniq_ijyb
D:5:      layout_basic, vehumet_crystals, grunt_temple_overflow_open,
          gup_sewer_entry_pipe, enter_ossuary_3, nicolae_elemental_shop
D:6:      kennysheep_housing_project, layout_rooms
D:7:      layout_loops_ring, minmay_temple_entry_fiery, nrook_uturn, uniq_harold
D:8:      layout_cave_pods, nemelex_xobeh_ov_fountains_minmay, serial_shops,
          shop, shop, shop, enter_bailey_5, dk_noncrumbling_2, uniq_maggie,
          uniq_erica, uniq_psyche, uniq_joseph
D:9:      layout_roguey, minmay_stone_trees_large
D:10:     layout_loops_ring, erik_orc_2, serial_ice, serial_ice_o, serial_ice_k,
          serial_ice_c, serial_ice_a, kennysheep_flooded_box, uniq_urug,
          uniq_snorg
D:11:     layout_rooms, erik_lair_dragon, minivault_29, uniq_sonja
D:12:     kennysheep_snake, layout_loops_ring, enter_trove_0, serial_shops,
          shop, hangedman_stone_soup, lemuel_old_faithful

Skill      XL: |  1  2  3  4  5  6  7  8  9 10 11 12 13 |
---------------+----------------------------------------+-----
Maces & Flails | 2 3 4 5 6 8 9 10 11 | 11.4
Fighting       | 4 5 6 8 9 11 12 13 | 13.3
Armour         | 3 4 5 |  5.9
Shields        | 3 4 5 7 8 9 10 11 | 11.0

Action                   |  1- 3 |  4- 6 |  7- 9 | 10-12 | 13-15 || total
-------------------------+-------+-------+-------+-------+-------++-------
Melee: Flail             |   102 |   196 |   514 |       |       ||   812
       Mace              |       |       |    50 |   757 |    16 ||   823
       Trident           |       |       |       |    81 |       ||    81
       Whip              |       |       |       |   297 |    98 ||   395
       Spear             |       |       |       |    11 |       ||    11
       Morningstar       |       |       |       |     2 |       ||     2
       Demon whip        |       |       |       |       |   230 ||   230
Throw: Throwing net      |     2 |       |       |       |       ||     2
       Javelin           |       |       |       |    11 |       ||    11
Invok: Call Merchant     |       |       |       |     2 |     1 ||     3
       Potion Petition   |       |       |       |       |     1 ||     1
Evoke: Wand              |       |     1 |       |    31 |     6 ||    38
       Condenser vane    |       |       |       |     2 |       ||     2
  Use: Scroll            |       |       |    16 |    10 |     4 ||    30
 Stab: Distracted        |       |       |     1 |     3 |     4 ||     8
       Paralysed         |       |       |       |    46 |       ||    46
       Confused          |       |       |       |     1 |       ||     1
Armor: Scale mail        |    53 |    70 |   151 |       |       ||   274
       Leather armour    |       |       |    49 |    39 |       ||    88
       Swamp dragon scal |       |       |       |   185 |    53 ||   238
Dodge: Dodged            |    28 |    47 |   164 |   271 |    46 ||   556
       Repelled          |       |       |       |     3 |     3 ||     6
Block: Kite shield       |    53 |    74 |   335 |   555 |   111 ||  1128
